 Dungeon Crawl Stone Soup version 0.19-a0 (webtiles) character file.

2240 UnknownArtist the Covered (level 9, -1/79 HPs)
             Began as a Hill Orc Abyssal Knight on Apr 27, 2016.
             Was a Priest of Lugonu.
             Slain by a killer bee (7 damage)
             ... on level 9 of the Dungeon.
             The game lasted 01:17:06 (8278 turns).

UnknownArtist the Covered (Hill Orc Abyssal Knight) Turns: 8278, Time: 01:17:06

Health: -1/79      AC: 10    Str: 18    XL:     9   Next: 36%
Magic:  11/11      EV: 14    Int: 12    God:    Lugonu [***...]
Gold:   328        SH:  4    Dex: 10    Spells: 0 memorised, 8 levels left

rFire  . . .     SeeInvis +     v - +5 short sword
rCold  . . .     Gourm    .     o - +0 scale mail
rNeg   . . .     Faith    .     (no shield)
rPois  .         Spirit   .     n - +0 helmet (curse)
rElec  .         Dismiss  .     (no cloak)
rCorr  .         Reflect  +     h - +0 pair of gloves
SustAt .         Harm     .     (no boots)
MR     .....                    j - +4 amulet of reflection
Stlth  ..........               A - +3 ring of evasion
                                y - ring of see invisible

@: lethally poisoned (-1 -> -5), flying, very slightly contaminated, hasted,
drained, very quick, not resistant to hostile enchantments, extremely unstealthy
A: no striking features
a: Depart the Abyss, Bend Space, Banish, Renounce Religion


You were on level 9 of the Dungeon.
You worshipped Lugonu.
Lugonu was most pleased with you.
You were not hungry.

You visited 1 branch of the dungeon, and saw 9 of its levels.
You visited the Abyss 1 time.

You collected 328 gold pieces.

Inventory:

Hand Weapons
 a - a +1 short sword
 v - a +5 short sword (weapon)
 K - a cursed +0 giant spiked club
Armour
 b - a +0 leather armour
 g - a +0 ring mail
 h - a +0 pair of gloves (worn)
 n - a cursed +0 helmet (worn)
 o - a +0 scale mail (worn)
 D - a +0 helmet (quivered)
 L - a +0 shield
Jewellery
 j - a +4 amulet of reflection (around neck)
 y - a ring of see invisible (left hand)
 A - a +3 ring of evasion (right hand)
 H - an uncursed ring of flight {unknown}
 I - a cursed -2 ring of slaying {unknown}
Wands
 G - a wand of iceblast (5/15)
Scrolls
 d - a scroll of noise {unknown}
 e - 2 scrolls of immolation {unknown}
 f - 2 scrolls of remove curse {unknown}
 l - 3 scrolls of teleportation {unknown}
 q - a scroll of enchant weapon {unknown}
 r - 2 scrolls of recharging {unknown}
 s - a scroll of random uselessness {unknown}
 w - 2 scrolls of magic mapping {unknown}
 x - a scroll of blinking {unknown}
 z - 3 scrolls of identify {unknown}
 B - 2 scrolls of amnesia {unknown}
 E - a scroll of vulnerability {unknown}
Potions
 i - a potion of haste
 k - a potion of might
 m - a potion of flight
 u - a potion of degeneration {unknown}
 C - a potion of agility {unknown}
 M - a potion of curing {unknown}
Comestibles
 c - 2 bread rations
 p - 2 slices of pizza
 t - a royal jelly
 F - a meat ration
 J - a beef jerky


   Skills:
 + Level 7.0(6.6) Fighting
 + Level 6.2(5.8) Short Blades
 + Level 7.3(6.9) Armour
 + Level 5.0(4.7) Dodging
 + Level 1.8(1.5) Stealth
 + Level 1.8(1.5) Shields
 + Level 2.7(2.4) Invocations


You had 8 spell levels left.
You didn't know any spells.

Dungeon Overview and Level Annotations

Branches:
Dungeon (9/15)             Temple (0/1) D:7
   Lair: D:8-11         Orc: D:9-12

Altars:
Cheibriados
Dithmenos
Elyvilon
Gozag
Nemelex Xobeh
Xom
Zin

Annotations:
D:4 st0uf's ghost, amateur FoFi


Message History

The killer bee buzzes angrily.
You are very lightly contaminated with residual magic.
You puncture the killer bee!
The killer bee is heavily wounded.
The killer bee completely misses you.
You barely miss the killer bee.
The killer bee is heavily wounded.
The killer bee stings you but does no damage.
You puncture the killer bee!
You kill the killer bee!
Lugonu accepts your kill.
Drink which item? (? for menu, Esc to quit)
It was a potion of flight.
You feel very buoyant.
You fly up into the air.
The killer bee stings you.
* * * LOW HITPOINT WARNING * * *
You are poisoned.
The killer bee poisons you!
You closely miss the killer bee.
You feel sick. The killer bee stings you!
You die...

#.. . #.. .
#####..###.
#.........
.........#
#......#
#......#
#....@.#
#..#>#y## #
#.# #y#


.yo ... ..... .#... ..#.... You could see 3 killer bees and an orc.

Vanquished Creatures
  Prince Ribbit (D:6)
  A hippogriff (D:7)
  2 water moccasins
  2 ice beasts
  2 phantoms (D:5)
  2 centaurs
  3 ogres
  4 giant frogs
  A killer bee (D:9)
  A wight (D:8)
  2 howler monkeys
  A centaur zombie (D:6)
  2 jellies
  A centaur skeleton (D:8)
  A giant frog skeleton (D:5)
  3 orc wizards (D:4)
  2 worker ants
  A killer bee zombie (D:5)
  A hound skeleton (D:4)
  A worker ant zombie (D:5)
  4 gnolls (D:5)
  10 adders
  2 shadow imps
  An ooze (D:3)
  An adder skeleton (D:5)
  2 worms (D:6)
  2 dart slugs
  3 giant geckos
  7 orcs
  6 giant cockroaches
  5 goblins
  2 hobgoblins
  7 jackals
  7 kobolds
  A quokka (D:5)
  2 ball pythons
  5 bats
  2 giant gecko skeletons
  4 giant newts
  A goblin zombie (D:6)
  10 rats
  A rat zombie (D:6)
119 creatures vanquished.

Notes
Turn   | Place    | Note
--------------------------------------------------------------
     0 | Abyss:1  | UnknownArtist the Hill Orc Abyssal Knight began the quest for the Orb.
     0 | Abyss:1  | Reached XP level 1. HP: 19/19 MP: 2/2
     0 | Abyss:1  | Found a corrupted altar of Lugonu.
    63 | Abyss:1  | Noticed an eye of draining
    78 | D:1      | Escaped the Abyss
    99 | D:1      | Reached * piety under Lugonu
   253 | D:1      | Reached XP level 2. HP: 27/27 MP: 3/3
   967 | D:2      | Reached XP level 3. HP: 3/33 MP: 4/4
  1281 | D:2      | Reached skill level 1 in Dodging
  1490 | D:2      | Reached ** piety under Lugonu
  1616 | D:2      | Found a glowing silver altar of Zin.
  1617 | D:2      | Noticed an angel
  1621 | D:2      | Found a shimmering altar of Xom.
  1941 | D:3      | Reached XP level 4. HP: 40/41 MP: 5/5
  1998 | D:3      | Found a faded altar to an unknown god.
  2088 | D:3      | Found a sparkling altar of Nemelex Xobeh.
  2656 | D:4      | HP: 2/41 [orc wizard/magic dart (8)]
  3055 | D:4      | Reached XP level 5. HP: 30/47 MP: 6/6
  3415 | D:4      | Noticed st0uf's ghost (amateur FoFi)
  3447 | D:5      | Entered Level 5 of the Dungeon
  3840 | D:5      | Reached XP level 6. HP: 53/53 MP: 8/8
  4171 | D:5      | Reached skill level 5 in Fighting
  4402 | D:5      | Found an opulent altar of Gozag.
  4769 | D:5      | Reached XP level 7. HP: 58/61 MP: 9/9
  4828 | D:5      | Reached *** piety under Lugonu
  5412 | D:5      | Reached skill level 5 in Armour
  5412 | D:5      | Reached skill level 1 in Stealth
  5550 | D:6      | Reached XP level 8. HP: 59/70 MP: 10/10
  5673 | D:6      | Found a shadowy altar of Dithmenos.
  5743 | D:6      | Found a white marble altar of Elyvilon.
  5842 | D:6      | Reached skill level 5 in Short Blades
  6439 | D:6      | Noticed Prince Ribbit
  7253 | D:6      | Killed Prince Ribbit
  7392 | D:7      | Reached XP level 9. HP: 33/78 MP: 11/11
  7725 | D:7      | Found a snail-covered altar of Cheibriados.
  7749 | D:7      | Found a staircase to the Ecumenical Temple.
  7814 | D:7      | Reached skill level 1 in Shields
  7859 | D:7      | You fall through a shaft!
  8231 | D:8      | Reached skill level 5 in Dodging
  8278 | D:9      | Slain by a killer bee

Vault maps used:
D:1:      dpeg_arrival_tiny_a
D:2:      grunt_temple_overflow_order_and_chaos_1
D:3:      first_bread, ecumenical_altar_2, nemelex_dance_club_becter
D:4:      overflow_temple_1_default, trog_wizard
D:5:      lemuel_crystal_altar, nicolae_overflow_hidden_temple,
          bh_walls_and_bars
D:6:      lemuel_doored_altar, old_standard_altar, enter_ossuary_4,
          uniq_prince_ribbit1
D:7:      kennysheep_mini_moat, minmay_temple_entry_large_hall
D:8:      gammafunk_temple_overflow_statue
D:9:      lemuel_mausoleum_altar_kikubaaqudgha,
          nicolae_qazlal_style_of_elements, david_orc_3

Skill      XL: |  1  2  3  4  5  6  7  8  9 |
---------------+----------------------------+-----
Fighting       | 4 5 6 7 |  7.0
Dodging        | 1 2 3 4 5 |  5.0
Armour         | 3 4 5 6 7 |  7.3
Short Blades   | 3 4 5 6 |  6.2
Stealth        | 1 |  1.8
Shields        | 1 |  1.8
Invocations    | |  2.7

Action                   |  1- 3 |  4- 6 |  7- 9 || total
-------------------------+-------+-------+-------++-------
Melee: Short sword       |   132 |   157 |   349 ||   638
Invok: Depart the Abyss  |     1 |       |       ||     1
       Bend Space        |       |     2 |     1 ||     3
  Use: Potion            |       |     1 |     2 ||     3
  Eat: Bread ration      |     2 |     1 |     3 ||     6
       Pizza             |       |       |     1 ||     1
Armor: Leather armour    |    73 |       |       ||    73
       Scale mail        |    11 |    87 |   101 ||   199
Dodge: Dodged            |   115 |    86 |   228 ||   429
Block: Other             |    18 |    29 |    51 ||    98
       Reflection        |     2 |     2 |     2 ||     6
